[Event "Early-Titled-Tuesday-Blitz-October-17-2023"]
[Site "Chess.com"]
[Date "2023.10.17"]
[Round "1"]
[White "angryspacevoid"]
[Black "Mykola-Bortnyk"]
[Result "0-1"]
[WhiteElo "2516"]
[BlackElo "2969"]
[TimeControl "180+1"]
[EndTime "8:06:26 PDT"]
[Termination "Mykola-Bortnyk won by resignation"]

1. e4 Nf6 2. e5 Nd5 3. d4 d6 4.
Nf3 dxe5 5. Nxe5 c6 6. Bc4 Bf5 7. Qf3 e6 8. Bd3 Qf6 9. Bxf5 Qxf5 10. Qxf5 exf5 11. O-O f6 12. Nd3 Nd7 13. Re1+ Kf7 14. Bd2 b5 15. Nc3 N5b6 16. Re2 g5 17. Rae1 Bd6 18.
h4 h6 19. Re6 Nc8 20. d5 b4 21. Ne2 cxd5 22. Nd4 Be5 23. Bxb4 Bxd4 24. Re7+ Nxe7 25. Rxe7+ Kg6 26. Rxd7 Rhd8 27. Re7 Re8 28. Rc7 a5 29. Bd6 Rac8 30. Rd7 Red8 31. Rxd8 Rxd8 32. Bc7 Rc8 33.
Bxa5 Rxc2 34. b4 0-1

[Event "Early-Titled-Tuesday-Blitz-October-17-2023"]
[Site "Chess.com"]
[Date "2023.10.17"]
[Round "1"]
[White "vishwa_vijeta"]
[Black "gmcorrales"]
[Result "1-0"]
[WhiteElo "2524"]
[BlackElo "2879"]
[TimeControl "180+1"]
[EndTime "8:06:26 PDT"]
[Termination "vishwa_vijeta won by resignation"]

1. e4 c5 2. Nf3 d6 3. d4 cxd4 4.
Nxd4 Nf6 5. Nc3 a6 6. Bg5 e6 7. f4 h6 8. Bh4 Qc7 9. Qf3 Nc6 10.
O-O-O Be7 11. Be2 Nxd4 12. Rxd4 g5 13. fxg5 Nd7 14. g6 fxg6 15. Bxe7 Kxe7 16. Rhd1 Ne5 17.
Qe3 Nc6 18. Rxd6 Qxd6 19. Rxd6 Kxd6 20. Qg3+ e5 21. Qxg6+ Be6 22. Bc4 Rae8 23. Bxe6 Rxe6 24. Qg7 Rb8 25. Nd5 Kc5 26. b4+ Nxb4 27. Qc7+ Nc6 28. Qb6+ Kd6 29. Qc7+ Kc5 30. Nb6 Re7 31. Nd7+ Kd4 32.
Qd6+ Kxe4 33. Nxb8 Rf7 34. Nxc6 bxc6 35. Qg6+ Rf5 36. g4 1-0

[Event "Early-Titled-Tuesday-Blitz-October-17-2023"]
[Site "Chess.com"]
[Date "2023.10.17"]
[Round "1"]
[White "fu24"]
[Black "GiorgianBarbosa"]
[Result "1-0"]
[WhiteElo "2658"]
[BlackElo "2376"]
[TimeControl "180+1"]
[EndTime "8:06:26 PDT"]
[Termination "fu24 won on time"]

1. d4 Nf6 2. Bf4 g6 3. e3 Bg7 4.
Nc3 O-O 5. Nf3 c5 6. dxc5 Na6 7. Be2 Nxc5 8. h3 Nfe4 9. Nxe4 Nxe4 10. c3 Qb6 11.
Qc2 d5 12. O-O Bf5 13. Qb3 Rfe8 14. Qxb6 axb6 15. Rfd1 Be6 16. Bc7 Rec8 17. Bxb6 Nd6 18. a3 f6 19. Nd4 Bf7 20. Nb5 Nc4 21. Bxc4 dxc4 22. a4 Ra6 23. a5 Raa8 24. Nc7 Rab8 25. Rd7 e5 26. Rad1 Bf8 27. f4 h5 28. Kf2 exf4 29. exf4 f5 30. Bd4 Be8 31. Nxe8 Rxe8 32. Be5 Ra8 33. R1d5 Ra6 34. Rxb7 Rea8 35. Rb6 1-0

[Event "Early-Titled-Tuesday-Blitz-October-17-2023"]
[Site "Chess.com"]
[Date "2023.10.17"]
[Round "1"]
[White "seopie"]
[Black "ErikRonka"]
[Result "1-0"]
[WhiteElo "2856"]
[BlackElo "2495"]
[TimeControl "180+1"]
[EndTime "8:06:27 PDT"]
[Termination "seopie won by checkmate"]

1. b3 d5 2. Bb2 Bg4 3. h3 Bh5 4. g4 Bg6 5. Nf3 Nd7 6. Nh4 e5 7. Nxg6 hxg6 8. Bg2 c6 9. e3 Bd6 10. d3 Qe7 11. Nd2 Ba3 12. Qc1 Bxb2 13. Qxb2 a5 14. a3 Ngf6 15. O-O-O O-O 16. Rde1 b5 17. f4 Rfe8 18.
Rhf1 exf4 19. Rxf4 Qd6 20. Rf2 a4 21. b4 c5 22. bxc5 Qxc5 23. Rfe2 Rec8 24. Nf3 Rab8 25. Qb4 Qb6 26. g5 Nc5 27. Kb1 Nfd7 28. Nd4 Na6 29. Qe7 b4 30. axb4 Nxb4 31. Ka1 Nc6 32. Qa3 Nxd4 33.
exd4 Qxd4+ 34. Ka2 Rc3 35. Re8+ Rxe8 36. Rxe8+ Kh7 37. Qc1 Qc5 38. Kb1 Nb6 39. Qe1 a3 40.
Qh4# 1-0

[Event "Early-Titled-Tuesday-Blitz-October-17-2023"]
[Site "Chess.com"]
[Date "2023.10.17"]
[Round "1"]
[White "JiiHart"]
[Black "bazar-wokzal"]
[Result "0-1"]
[WhiteElo "2200"]
[BlackElo "2566"]
[TimeControl "180+1"]
[EndTime "8:06:27 PDT"]
[Termination "bazar-wokzal won by resignation"]

1. e4 c5 2. c3 Nf6 3. e5 Nd5 4. d4 cxd4 5. Nf3 d6 6. cxd4 Nc6 7. Nc3 dxe5 8. dxe5 Nxc3 9. Qxd8+ Nxd8 10. bxc3 Bd7 11. Be3 e6 12. Be2 Nc6 13. O-O Be7 14. a4 O-O-O 15.
Rfb1 Kb8 16. a5 Rc8 17. Ba6 Rc7 18. Bb6 axb6 19. axb6 Rcc8 20. Bb5 Bc5 21. Bf1 Ne7 22. Nd4 Nd5 23. Nb5 Bxb5 24. Rxb5 Nxc3 25. Rb3 Ne4 26. g3 Bxf2+ 27. Kg2 Bd4 28. Bd3 Bxa1 29. Bxe4 Rc5 30. Ra3 Bxe5 31. Ra7 Rd5 32. Bxd5 exd5 33. Kf3 Bd4 34.
Ra4 Bxb6 0-1

[Event "Early-Titled-Tuesday-Blitz-October-17-2023"]
[Site "Chess.com"]
[Date "2023.10.17"]
[Round "1"]
[White "Irina_Mikhaylova"]
[Black "blitzo_vich"]
[Result "1/2-1/2"]
[WhiteElo "2307"]
[BlackElo "2607"]
[TimeControl "180+1"]
[EndTime "8:06:28 PDT"]
[Termination "Game drawn by repetition"]

1. Nf3 b6 2. c4 Bb7 3. Nc3 Nf6 4.
d4 e6 5. a3 g6 6. Qc2 Bg7 7. e4 O-O 8. Bd3 d6 9. Bg5 h6 10. Bh4 Nbd7 11. e5 dxe5 12. dxe5 Bxf3 13. exf6 Bxf6 14. Bxf6 Qxf6 15. gxf3 Ne5 16. O-O-O Nxf3 17. Be4 Rad8 18. Rxd8 Rxd8 19. Rd1 Qf4+ 20. Kb1 Rxd1+ 21. Qxd1 Nd2+ 22. Ka2 Nxe4 23. Qd8+ Kh7 24. Nxe4 Qxe4 25.
Qxc7 Kg7 26. b4 Qc2+ 27. Ka1 Qxf2 28. c5 bxc5 29. bxc5 Qe1+ 30. Kb2 Qd2+ 31. Kb3 Qd3+ 32. Kb2 Qb5+ 33. Kc3 Qa4 34. Kb2 Qd4+ 35. Kb3 e5 36.
c6 e4 37. Qd7 Qb6+ 38. Kc4 Qa6+ 39. Kd5 Qd3+ 40. Kc5 Qxa3+ 41. Kd5 Qd3+ 42. Kc5 Qe3+ 43. Kd5 Qd3+ 44. Kc5 Qa3+ 45. Kd5 Qd3+ 1/2-1/2

[Event "Early-Titled-Tuesday-Blitz-October-17-2023"]
[Site "Chess.com"]
[Date "2023.10.17"]
[Round "1"]
[White "DonCiao"]
[Black "Szczor"]
[Result "1-0"]
[WhiteElo "2103"]
[BlackElo "2526"]
[TimeControl "180+1"]
[EndTime "8:06:29 PDT"]
[Termination "DonCiao won on time"]

1. c4 Nf6 2. g3 e6 3. Bg2 d5 4. Nf3 Be7 5. O-O O-O 6. b3 c5 7. Bb2 b6 8. e3 Bb7 9. Nc3 Nc6 10. cxd5 Nxd5 11. Nxd5 Qxd5 12. d4 Rfd8 13. Ne5 Qd6 14. Qh5 g6 15. dxc5 Qxc5 16. Qh6 Bf8 17. Qf4 Nxe5 18.
Bxe5 Bxg2 19. Qf6 Qxe5 20. Qxe5 Bg7 21. Qc7 Bxf1 22. Rxf1 b5 23. Rc1 Rd2 24. Qb7 Rad8 25. Rc8 1-0

[Event "Early-Titled-Tuesday-Blitz-October-17-2023"]
[Site "Chess.com"]
[Date "2023.10.17"]
[Round "1"]
[White "WPWPWP-2015"]
[Black "stratacticos"]
[Result "1-0"]
[WhiteElo "2529"]
[BlackElo "1721"]
[TimeControl "180+1"]
[EndTime "8:06:29 PDT"]
[Termination "WPWPWP-2015 won by resignation"]

1. e4 c5 2. Nf3 Nc6 3. Bb5 Na5 4. b3 a6 5. Be2 b5 6. O-O Bb7 7. d3 Qb6 8. Bb2 Nf6 9. Re1 g6 10. e5 Nh5 11. e6 Bg7 12. exf7+ Kxf7 13. Ng5+ Kg8 14.
Bxg7 Kxg7 15. Bxh5 gxh5 16. Qxh5 Qf6 17. Nd2 h6 18.
Nde4 hxg5 19. Nxf6 Rxh5 20. Nxh5+ Kf7 21. Re5 Nc6 22.
Rxg5 Nd4 23. Rxc5 d6 24. Rg5 Nxc2 25. Rc1 Nd4 26. Kf1 Ne6 27. Rf5+ Kg6 28. Ng3 a5 29. h4 b4 30. h5+ Kg7 31. Re1 Bc8 32. h6+ Kg6 33. h7 Bd7 34. Rxa5 Rh8 35. Ra7 Nf4 36. Rxd7 1-0

[Event "Early-Titled-Tuesday-Blitz-October-17-2023"]
[Site "Chess.com"]
[Date "2023.10.17"]
[Round "1"]
[White "Grossboss19"]
[Black "Ranindu2003"]
[Result "1-0"]
[WhiteElo "2473"]
[BlackElo "2786"]
[TimeControl "180+1"]
[EndTime "8:06:30 PDT"]
[Termination "Grossboss19 won by checkmate"]

1. d4 d5 2. c4 e6 3. Nc3 Nf6 4. cxd5 exd5 5. Bg5 Bb4 6. e3 h6 7. Bh4 g5 8. Bg3 Ne4 9. Ne2 h5 10. f3 Nxg3 11. hxg3 Qe7 12. Qd2 Nc6 13. a3 Ba5 14. b4 Bb6 15. Nxd5 Qd6 16. e4 Be6 17. Nxb6 axb6 18.
d5 Nxb4 19. dxe6 Nd3+ 20. Kd1 Nf2+ 21. Ke1 Nd3+ 22. Kd1 O-O-O 23. Kc2 Qxe6 24. Qc3 Nf2 25. Rg1 Rh6 26. Nd4 Qe5 27. Nb5 Qxg3 28. e5 Rd7 29.
Be2 Kb8 30. Kb2 Rc6 31. Qe3 Rd5 32. Rac1 Rxe5 33. Qd2 Qf4 34. Qd8# 1-0

[Event "Early-Titled-Tuesday-Blitz-October-17-2023"]
[Site "Chess.com"]
[Date "2023.10.17"]
[Round "1"]
[White "PositionalPanther"]
[Black "matagordo"]
[Result "1-0"]
[WhiteElo "2612"]
[BlackElo "2296"]
[TimeControl "180+1"]
[EndTime "8:06:30 PDT"]
[Termination "PositionalPanther won on time"]

1. Nf3 e6 2. g3 d5 3. Bg2 Nf6 4. O-O Be7 5. c4 c6 6. b3 O-O 7. Bb2 Re8 8. d3 Nbd7 9. Nbd2 Nf8 10. e4 Ng6 11. e5 Nd7 12. d4 f6 13. Re1 fxe5 14. Nxe5 Ndxe5 15. dxe5 a5 16. cxd5 cxd5 17. Nf3 Bd7 18. Rc1 a4 19. Nd4 axb3 20. Qxb3 Qb8 21.
Bh3 Bf8 22. f4 Qa7 23. Kh1 Bc5 24. Nxe6 Bxe6 25. Bxe6+ Kh8 26. Bxd5 Bf2 27. Rf1 Bb6 28. Bf7 Red8 29. e6 Ne7 30. f5 Bd4 31. f6 Bxb2 32. fxe7 Rd2 33. Bh5 1-0

[Event "Early-Titled-Tuesday-Blitz-October-17-2023"]
[Site "Chess.com"]
[Date "2023.10.17"]
[Round "1"]
[White "Magila31"]
[Black "Lion-Al-Messi"]
[Result "0-1"]
[WhiteElo "2356"]
[BlackElo "2645"]
[TimeControl "180+1"]
[EndTime "8:06:32 PDT"]
[Termination "Lion-Al-Messi won on time"]

1. d4 d5 2. c4 c6 3. Nf3 Nf6 4. Nc3 dxc4 5. a4 Bf5 6. e3 e6 7.
Bxc4 Bb4 8. O-O Nbd7 9. Qe2 Bg6 10. Rd1 O-O 11. h3 Qe7 12. Bd3 e5 13. Bxg6 hxg6 14. Qc4 e4 15. Nd2 Nb6 16. Qb3 Nbd5 17. Nc4 Rac8 18.
Bd2 a5 19. Ne5 Rfd8 20. Rac1 Qe6 21. Nxd5 Nxd5 22. Bxb4 axb4 23. a5 g5 24. Qc2 f6 25.
Nc4 g4 26. hxg4 Qxg4 27. Nb6 Nxb6 28. axb6 Kf7 29. Qc4+ Rd5 30. Qxb4 Rh8 31. Qb3 Kg6 32. Qc2 Rdh5 33. f3 Qg3 34. Qxe4+ Kf7 35. Kf1 Rh2 36.
Ke2 Qxg2+ 37. Kd3 Qxb2 0-1

[Event "Early-Titled-Tuesday-Blitz-October-17-2023"]
[Site "Chess.com"]
[Date "2023.10.17"]
[Round "1"]
[White "ukchessbomber"]
[Black "spotbet"]
[Result "1-0"]
[WhiteElo "2640"]
[BlackElo "2353"]
[TimeControl "180+1"]
[EndTime "8:06:32 PDT"]
[Termination "ukchessbomber won by checkmate"]

1. b4 a5 2. bxa5 Nc6 3. Bb2 Nf6 4. e3 e5 5. Nf3 e4 6. Nd4 Nxa5 7. Be2 Be7 8. Nf5 O-O 9. Nxe7+ Qxe7 10. O-O d5 11. d3 Bf5 12. Nd2 exd3 13. cxd3 c6 14. a4 Nd7 15. Ba3 c5 16. d4 b6 17.
Rc1 Rfc8 18. Bb5 Nf6 19. Nf3 Qa7 20. dxc5 bxc5 21. Bb2 Rd8 22. Ne5 Rac8 23. Qf3 Be6 24. Qg3 d4 25. exd4 cxd4 26. Rfd1 Nb3 27. Rxc8 Rxc8 28.
Nc6 Qc5 29. Nxd4 Rd8 30. h3 Nxd4 31. Rxd4 Rxd4 32. Bxd4 Qc1+ 33. Kh2 Ne4 34. Qxg7# 1-0

[Event "Early-Titled-Tuesday-Blitz-October-17-2023"]
[Site "Chess.com"]
[Date "2023.10.17"]
[Round "1"]
[White "DopplerCharlotteDeWitte"]
[Black "GMSAGOR"]
[Result "1-0"]
[WhiteElo "2807"]
[BlackElo "2465"]
[TimeControl "180+1"]
[EndTime "8:06:33 PDT"]
[Termination "DopplerCharlotteDeWitte won by resignation"]

1. e4 e5 2. Nf3 Nf6 3. Nxe5 d6 4. Nf3 Nxe4 5. d4 d5 6. Bd3 Nc6 7. Nc3 Bb4 8. O-O Bxc3 9. bxc3 O-O 10. c4 f5 11. cxd5 Qxd5 12. c4 Qd8 13. Bb2 Nb4 14.
Bb1 c5 15. d5 Nd6 16. Ne5 Na6 17. Re1 Nc7 18. Bd3 Nce8 19. Qf3 Nf6 20. Qf4 a6 21. a4 Bd7 22. Nxd7 Qxd7 23. Re6 Rad8 24. a5 Rf7 25. Bxf6 Rxf6 26. Rxf6 gxf6 27. h3 Re8 28.
Rb1 Re5 29. Rb6 Kg7 30. Qg3+ Kf7 31. Qh4 Kg7 32. g4 Qe7 33. Kg2 h6 34. gxf5 Kh7 35. Qg4 Ne4 36. Bxe4 Rxe4 37. Qg6+ Kh8 1-0

[Event "Early-Titled-Tuesday-Blitz-October-17-2023"]
[Site "Chess.com"]
[Date "2023.10.17"]
[Round "1"]
[White "ChessQueen"]
[Black "Laico"]
[Result "1-0"]
[WhiteElo "2716"]
[BlackElo "2423"]
[TimeControl "180+1"]
[EndTime "8:06:33 PDT"]
[Termination "ChessQueen won on time"]

1. d4 e6 2. e4 d5 3. exd5 exd5 4. Nf3 Nc6 5. h3 Nf6 6. Bb5 Be7 7. Ne5 Bd7 8. Nxd7 Qxd7 9. O-O O-O 10. c3 Rfe8 11.
Nd2 a6 12. Bd3 Bd6 13. Nf3 Ne4 14. Re1 f5 15. a3 h6 16. c4 dxc4 17. Bxc4+ Kh7 18.
Bd3 Rad8 19. Qc2 Qe6 20. Bg5 Rd7 21. Rad1 Qg6 22. Be3 Rde7 23. Bxa6 Nxd4 24. Bxd4 bxa6 25. Re3 Kh8 26. Rde1 Bf4 27. R3e2 Qd6 28. Nh4 Qxd4 29. Nxf5 Bh2+ 30. Kf1 Rf7 31. Rxe4 Rxe4 32. Rxe4 1-0

[Event "Early-Titled-Tuesday-Blitz-October-17-2023"]
[Site "Chess.com"]
[Date "2023.10.17"]
[Round "1"]
[White "HouseOfDurin"]
[Black "Airquake"]
[Result "0-1"]
[WhiteElo "2277"]
[BlackElo "2604"]
[TimeControl "180+1"]
[EndTime "8:06:35 PDT"]
[Termination "Airquake won by resignation"]

1. d4 Nf6 2. Bg5 e6 3. e4 d5 4. e5 h6 5. Bxf6 gxf6 6. f4 c5 7. Nf3 cxd4 8. exf6 Bb4+ 9. c3 dxc3 10. Nxc3 Qxf6 11.
Bb5+ Nc6 12. Bxc6+ bxc6 13. Qa4 Bxc3+ 14. bxc3 Qxc3+ 15. Kf2 Rb8 16. Rhc1 Rb2+ 17. Kg1 Qe3+ 18. Kh1 Bd7 19.
Ne5 Rg8 20. Rg1 Qb6 21. Qd1 Qf2 22. Qh5 Qxf4 23. Nxd7 Kxd7 24. Raf1 Rbxg2 25. Qxf7+ Qxf7 26. Rxf7+ Ke8 27. Rxg2 Rxg2 28. Rxa7 Rb2 29. a4 d4 30. Kg1 d3 31. Kf1 Rb1+ 32. Kf2 d2 0-1

[Event "Early-Titled-Tuesday-Blitz-October-17-2023"]
[Site "Chess.com"]
[Date "2023.10.17"]
[Round "1"]
[White "Mr_Lion22"]
[Black "rasmussvane"]
[Result "0-1"]
[WhiteElo "2516"]
[BlackElo "2998"]
[TimeControl "180+1"]
[EndTime "8:06:37 PDT"]
[Termination "rasmussvane won by resignation"]

1. d4 d5 2. c4 e6 3. Nc3 a6 4. cxd5 exd5 5. Nf3 Nf6 6. Bg5 Be6 7. e3 Nbd7 8. Bd3 Bd6 9. O-O c6 10. Qc2 Qc7 11.
Rab1 O-O 12. b4 Bg4 13. Nd2 Bxh2+ 14. Kh1 h6 15. Bxf6 Nxf6 16. f3 Bd7 17. f4 Bg3 18. Ne2 Nh5 19. Nf3 Rae8 20. Qd2 Qd8 21. Kg1 Bg4 22. Ne5 Qh4 23. Nxg4 Qxg4 24. Rf3 Qh4 25. Kf1 Qh1+ 26. Ng1 Bh4 27. g4 Ng3+ 28. Kf2 0-1

[Event "Early-Titled-Tuesday-Blitz-October-17-2023"]
[Site "Chess.com"]
[Date "2023.10.17"]
[Round "1"]
[White "alexrustemov"]
[Black "Gentlejimmy7"]
[Result "1-0"]
[WhiteElo "2833"]
[BlackElo "2486"]
[TimeControl "180+1"]
[EndTime "8:06:37 PDT"]
[Termination "alexrustemov won by resignation"]

1. d4 f5 2. c4 Nf6 3. g3 g6 4. Bg2 Bg7 5. Nf3 O-O 6. O-O d6 7. Nc3 c6 8. Qc2 Qa5 9. Rb1 e5 10. b4 Qc7 11. c5 e4 12. cxd6 Qxd6 13. Ne5 Nfd7 14. Qb3+ Kh8 15. Nf7+ Rxf7 16. Qxf7 Qf8 17. Qxf8+ Nxf8 18. Rd1 Be6 19. f3 exf3 20. Bxf3 Bc4 21. Bb2 Nbd7 22. e4 fxe4 23. Bxe4 Nf6 24. Bf3 Nd5 25. Nxd5 cxd5 26. a3 Ne6 27. Rd2 Ng5 28. Be2 Ne4 29. Rc2 b5 30. Bxc4 bxc4 31. b5 c3 32. Bc1 Bxd4+ 33. Kg2 g5 34. a4 Bc5 35. Re2 Re8 36. Be3 d4 37. Bxd4+ Bxd4 38. Rbe1 c2 39. Rxc2 Kg7 40. Rce2 1-0

[Event "Early-Titled-Tuesday-Blitz-October-17-2023"]
[Site "Chess.com"]
[Date "2023.10.17"]
[Round "1"]
[White "subham777"]
[Black "Polish_fighter3000"]
[Result "0-1"]
[WhiteElo "2525"]
[BlackElo "3051"]
[TimeControl "180+1"]
[EndTime "8:06:38 PDT"]
[Termination "Polish_fighter3000 won on time"]

1. e4 g6 2. g3 b6 3. Bg2 Bb7 4. Ne2 Bg7 5. O-O c5 6. c3 d5 7. e5 Bxe5 8. d4 cxd4 9. Nxd4 Nc6 10.
Be3 Qd7 11. Na3 Nxd4 12. Bxd4 Bxd4 13. Qxd4 Nf6 14. Rad1 O-O 15. Rfe1 b5 16. Nc2 Rfe8 17. Re5 a6 18. Ne3 e6 19. h4 Rad8 20. Bf3 Qe7 21. Ng4 Nxg4 22. Bxg4 Rc8 23. b3 Qc5 24. Qf4 Qxc3 25. h5 d4 26. h6 Qc6 27. f3 f5 28. Bxf5 exf5 29. Qxd4 Qc7 30. Rde1 Rxe5 31. Rxe5 Qc1+ 32. Kh2 Rc2+ 0-1

[Event "Early-Titled-Tuesday-Blitz-October-17-2023"]
[Site "Chess.com"]
[Date "2023.10.17"]
[Round "1"]
[White "Defenstrator"]
[Black "Harry_Rakkel"]
[Result "0-1"]
[WhiteElo "2398"]
[BlackElo "2674"]
[TimeControl "180+1"]
[EndTime "8:06:39 PDT"]
[Termination "Harry_Rakkel won by resignation"]

1. e4 c5 2. d4 cxd4 3. Ne2 Nf6 4.
Qxd4 Nc6 5. Qe3 d5 6. exd5 Nxd5 7. Qd2 Bf5 8. Nbc3 Ndb4 9. Ng3 Nxc2+ 10. Kd1 Bg6 11.
Rb1 N2b4 12. Ra1 e6 13. a3 Qb6 14. Na4 Qc7 15. Qc3 Rd8+ 16. Bd2 Nd5 17. Qb3 Be7 18. Bd3 O-O 19. Bxg6 hxg6 20. Ke1 Nf4 21. Bxf4 Qxf4 22. Nc3 Nd4 23. Qd1 Bh4 24. Nge4 Qe5 25. g3 Be7 26. Kf1 f5 27. f4 Qa5 28. Nf2 Qa6+ 29.
Kg2 Qc6+ 30. Kg1 Nf3+ 0-1

[Event "Early-Titled-Tuesday-Blitz-October-17-2023"]
[Site "Chess.com"]
[Date "2023.10.17"]
[Round "1"]
[White "Kildepiotr"]
[Black "Aleksandar-Topalov"]
[Result "1-0"]
[WhiteElo "2636"]
[BlackElo "2340"]
[TimeControl "180+1"]
[EndTime "8:06:39 PDT"]
[Termination "Kildepiotr won on time"]

1. Nf3 Nf6 2. g3 g6 3. Bg2 Bg7 4. O-O O-O 5. d4 d6 6. Nbd2 Nc6 7.
e4 e5 8. dxe5 dxe5 9. c3 Qe7 10.
Qc2 Ne8 11. b4 Nd6 12. a4 Nd8 13. b5 Ne6 14. Ba3 b6 15. Nc4 Nc5 16. Bxc5 bxc5 17. Ne3 Be6 18. Nd2 a6 19. c4 Nc8 20. Nd5 Bxd5 21.
cxd5 axb5 22. axb5 Nb6 23. Nb3 c4 24. Na5 Qc5 25.
Rfb1 f5 26. exf5 gxf5 27. d6 Rxa5 28. Rxa5 cxd6 29. Ra6 e4 30. Rxb6 Qxb6 31. Qxc4+ Kh8 32. Qe6 e3 33. fxe3 f4 34. gxf4 Rxf4 35. Bd5 Rf8 36.
Kh1 Be5 37. Rg1 Qb8 38. b6 Re8 39. Qd7 Rd8 40. Qc7 Rf8 41. Qxb8 Rxb8 42. b7 h6 43. Rc1 1-0

[Event "Early-Titled-Tuesday-Blitz-October-17-2023"]
[Site "Chess.com"]
[Date "2023.10.17"]
[Round "1"]
[White "LoydBlankenship"]
[Black "HanSchut"]
[Result "1-0"]
[WhiteElo "2625"]
[BlackElo "2321"]
[TimeControl "180+1"]
[EndTime "8:06:40 PDT"]
[Termination "LoydBlankenship won by resignation"]

1. e4 c5 2. Nf3 d6 3. d4 cxd4 4. Nxd4 Nf6 5. Nc3 a6 6. Bg5 e6 7. f4 Be7 8. Qf3 h6 9. Bh4 g5 10. fxg5 Nfd7 11. O-O-O Ne5 12. Qe2 hxg5 13. Bg3 Qc7 14.
Kb1 Bd7 15. Qf2 Nbc6 16. Nxc6 Bxc6 17. Bxe5 dxe5 18. Be2 Rh7 19. Rhf1 b5 20. Bd3 O-O-O 21. h3 Kb8 22. Ne2 Qb7 23. Qe3 Rd7 24. Ng1 f6 25.
Rde1 Rh8 26. Qe2 Rhd8 27. Qg4 Rd6 28. Ne2 Bd7 29. Ng3 Bc8 30. Nh5 Rf8 31. Re2 Rd4 32.
Qg3 Bd7 33. Ref2 f5 34. Qxe5+ Rd6 35. exf5 Qc7 36. f6 Bd8 37. Qxg5 Rd5 38. Qg7 Qd6 39.
Nf4 Rf5 40. Bxf5 exf5 41. Nh5 Be6 42. Qg3 Bc7 43. Qxd6 Bxd6 44. Rxf5 Bxf5 45. Rxf5 Kc7 46. g4 Kd7 47. a3 Ke6 48. Ka2 Be5 49. Kb3 Rc8 50.
c3 a5 51. f7 Rf8 52. a4 b4 53. cxb4 axb4 54. a5 1-0

[Event "Early-Titled-Tuesday-Blitz-October-17-2023"]
[Site "Chess.com"]
[Date "2023.10.17"]
[Round "1"]
[White "averageFM"]
[Black "Air-Conditioner07"]
[Result "1-0"]
[WhiteElo "2573"]
[BlackElo "2206"]
[TimeControl "180+1"]
[EndTime "8:06:40 PDT"]
[Termination "averageFM won by resignation"]

1. e4 e5 2. Nf3 Nc6 3. Nc3 Bc5 4. Nxe5 Nxe5 5. d4 Bd6 6. dxe5 Bxe5 7. Nb5 a6 8. f4 Bf6 9. Nc3 d6 10. Bd3 Ne7 11. O-O O-O 12. Kh1 b5 13. e5 dxe5 14. Ne4 Ng6 15. Nxf6+ Qxf6 16. fxe5 Qxe5 17. Bd2 Bb7 18.
Bc3 Qd5 19. Qg4 c5 20. Rf5 Qe6 21. Raf1 b4 22. Bc4 Qc6 23. Rxf7 Qxg2+ 24. Qxg2 Bxg2+ 25. Kxg2 1-0

[Event "Early-Titled-Tuesday-Blitz-October-17-2023"]
[Site "Chess.com"]
[Date "2023.10.17"]
[Round "1"]
[White "Wizard_97"]
[Black "dontcatchmeifyoucant"]
[Result "1-0"]
[WhiteElo "2578"]
[BlackElo "2200"]
[TimeControl "180+1"]
[EndTime "8:06:41 PDT"]
[Termination "Wizard_97 won by resignation"]

1. e4 c6 2. d4 d5 3. Nd2 dxe4 4.
Nxe4 Nf6 5. Nxf6+ exf6 6. c3 Bd6 7. Bd3 Na6 8. Ne2 Nc7 9. O-O h5 10. Nf4 h4 11. Re1+ Kf8 12. Bc2 g5 13. Nd3 Nd5 14.
c4 Nb4 15. Nxb4 Bxb4 16. Bd2 Bd6 17. Bc3 g4 18. d5 g3 19. Qf3 gxf2+ 20. Qxf2 Kg7 21.
Rf1 Rh6 22. Bd2 Rh8 23. Bc3 Rh6 24. Qd2 cxd5 25. Bxf6+ Rxf6 26. Qg5+ Kf8 27. Rxf6 Be6 28. Raf1 Qe7 29. Qh6+ Ke8 30. Qh8+ Qf8 31. Rxe6+ 1-0

[Event "Early-Titled-Tuesday-Blitz-October-17-2023"]
[Site "Chess.com"]
[Date "2023.10.17"]
[Round "1"]
[White "Niilo1"]
[Black "bescmelasti"]
[Result "0-1"]
[WhiteElo "2304"]
[BlackElo "2617"]
[TimeControl "180+1"]
[EndTime "8:06:42 PDT"]
[Termination "bescmelasti won on time"]

1. e4 c5 2. Nf3 d6 3. d4 cxd4 4. Nxd4 Nf6 5. Nc3 a6 6. Qd3 Nc6 7. Be2 g6 8. Bg5 Bg7 9. O-O-O O-O 10. Nxc6 bxc6 11. h4 Qa5 12. Qg3 Rb8 13. e5 dxe5 14.
h5 Bf5 15. hxg6 Bxg6 16. Bc4 e4 17. Bxf6 Bxf6 18. Bb3 Qg5+ 19. Qxg5 Bxg5+ 20. Kb1 Rfd8 21. Na4 a5 22. Nc5 e3 23. fxe3 Bxe3 24. Nd3 Bd4 25. Bc4 Bxd3 26. Rxd3 Rxb2+ 27. Kc1 Rbb8 28. Rg3+ Bg7 29.
Rh4 Kf8 30. Bd3 Be5 0-1

[Event "Early-Titled-Tuesday-Blitz-October-17-2023"]
[Site "Chess.com"]
[Date "2023.10.17"]
[Round "1"]
[White "kreonx"]
[Black "bascheyaro"]
[Result "0-1"]
[WhiteElo "2488"]
[BlackElo "2834"]
[TimeControl "180+1"]
[EndTime "8:06:43 PDT"]
[Termination "bascheyaro won by resignation"]

1. e4 e6 2. d3 d5 3. Nd2 c5 4.
Ngf3 Nc6 5. g3 g6 6. Bg2 Bg7 7.
O-O Nge7 8. Re1 O-O 9. c3 e5 10. Qc2 b6 11. a3 h6 12. b4 cxb4 13. axb4 d4 14. b5 dxc3 15. Qxc3 Na5 16. Nxe5 Be6 17. f4 Rc8 18. Qa3 Qd4+ 19. Kh1 Bxe5 20. fxe5 Rfd8 21. Bb2 Qxd3 22. Qxe7 Qxd2 23. Ba3 Rc2 24. Rg1 Bh3 25. Qxd8+ Qxd8 26. Bxh3 Nc4 27. e6 fxe6 28.
Bxe6+ Kg7 29. Rgd1 Rd2 30. Rf1 Nxa3 31. Rf7+ Kh8 32. Rxa3 Rd1+ 33. Kg2 Qd2+ 34. Kh3 Qd6 35. Bd5 Qxa3 36. Rf8+ Qxf8 0-1

[Event "Early-Titled-Tuesday-Blitz-October-17-2023"]
[Site "Chess.com"]
[Date "2023.10.17"]
[Round "1"]
[White "Payyappat"]
[Black "baki83"]
[Result "0-1"]
[WhiteElo "2478"]
[BlackElo "2815"]
[TimeControl "180+1"]
[EndTime "8:06:43 PDT"]
[Termination "baki83 won by resignation"]

1. e4 c5 2. Nf3 d6 3. d4 cxd4 4. Nxd4 Nf6 5. Nc3 Nc6 6. Bg5 e6 7. Qd2 a6 8. O-O-O Bd7 9. f4 Be7 10. Be2 Qa5 11. Bf3 Rc8 12. Nb3 Qc7 13. Rhe1 b5 14.
e5 dxe5 15. fxe5 b4 16. exf6 bxc3 17. Qxd7+ Qxd7 18. Rxd7 gxf6 19. Rb7 fxg5 20. Bxc6+ Rxc6 21. Nd4 cxb2+ 22. Kb1 Rc8 23. Nf5 Bf8 24. Kxb2 Rc5 25. Nd4 Bg7 26. Rb8+ Kd7 27. Rxh8 Bxd4+ 28. Kb3 Bxh8 0-1

[Event "Early-Titled-Tuesday-Blitz-October-17-2023"]
[Site "Chess.com"]
[Date "2023.10.17"]
[Round "1"]
[White "Martial2008"]
[Black "Heinza9"]
[Result "1-0"]
[WhiteElo "2615"]
[BlackElo "2298"]
[TimeControl "180+1"]
[EndTime "8:06:43 PDT"]
[Termination "Martial2008 won on time"]

1. d4 f5 2. Bf4 Nf6 3. e3 g6 4. h4 Bg7 5. h5 d6 6. Nc3 Nxh5 7.
Rxh5 gxh5 8. Qxh5+ Kf8 9. O-O-O Qe8 10. Qh2 c6 11. Nf3 b5 12. Be2 b4 13. Na4 Ba6 14.
Bxa6 Nxa6 15. Ng5 Qg6 16. b3 h6 17. Nf3 Re8 18. Nb2 Nc7 19. Nc4 Nd5 20. Nh4 Qf6 21. Qg3 Nxf4 22. Qxf4 Kf7 23. Nxf5 Rd8 24. Qf3 c5 25. d5 Rhf8 26. e4 Qg5+ 27. Qe3 Qxe3+ 28.
Ncxe3 h5 29. Kd2 Bf6 30. g3 Bg5 31. f4 Bf6 32. Rh1 Bc3+ 33. Kd3 Rh8 34. Ng2 e6 35.
dxe6+ Kxe6 36. Nge3 d5 37. exd5+ Kf6 38. Ke4 Bd4 39.
Nxd4 1-0